 Dungeon Crawl Stone Soup version 0.16.2-3-ga078185 (webtiles) character file.

55 gorblad the Conjurer (level 4, -12/31 HPs)
             Began as a Human Conjurer on Sept 6, 2015.
             Was an Initiate of Cheibriados.
             Killed from afar by Loris' ghost (18 damage)
             ... with a spray of energy
             ... on level 3 of the Dungeon.
             The game lasted 00:11:32 (2857 turns).

gorblad the Conjurer (Human Conjurer)               Turns: 2857, Time: 00:11:32

Health: -12/31     AC:  2    Str:  9    XL:     4   Next: 14%
Magic:  2/7        EV: 13    Int: 18    God:    Cheibriados [......]
Gold:   84         SH:  0    Dex: 14    Spells: 1 memorised, 6 levels left

rFire  . . .     SeeInvis .     (no weapon)
rCold  . . .     Clarity  .     o - +0 robe
rNeg   . . .     SustAb   .     (no shield)
rPois  .         Gourm    .     (no helmet)
rElec  .         Spirit   .     (no cloak)
rCorr  .         Warding  .     (no gloves)
rMut   .         Stasis   .     (no boots)
MR     .....                    (no amulet)
Stlth  ++........               (no ring)
                                (no ring)

@: very slow, not resistant to hostile enchantments, unstealthy
A: no striking features
a: Bend Time, Renounce Religion


You were on level 3 of the Dungeon.
You worshipped Cheibriados.
Cheibriados was noncommittal.
You were not hungry.

You visited 1 branch of the dungeon, and saw 3 of its levels.

You collected 84 gold pieces.

Inventory:

Armour
 a - a +0 robe
 o - a +0 robe (worn)
Magical devices
 j - a wand of slowing (21)
Scrolls
 d - a scroll of teleportation {unknown}
 h - 2 scrolls of identify {unknown}
 l - a scroll of random uselessness {unknown}
 m - 2 scrolls of remove curse {unknown}
Potions
 e - a potion of agility {unknown}
 f - a potion of ambrosia {unknown}
 g - a potion of might {unknown}
 k - a potion of heal wounds {unknown}
 p - a potion of lignification {unknown}
Books
 c - a book of Conjurations

   Spells                             Type                      Level
   a - Magic Dart                     Conjuration                  1
   b - Searing Ray                    Conjuration                  2
   c - Dazzling Spray                 Conjuration/Hexes            3
   d - Fulminant Prism                Conjuration/Hexes            4
   e - Iskenderun's Mystic Blast      Conjuration                  4
   f - Iskenderun's Battlesphere      Conjuration/Charms           5
Comestibles
 b - 2 bread rations
 i - a meat ration


   Skills:
 + Level 0.4 Fighting
 + Level 2.4 Dodging
 + Level 2.4 Stealth
 + Level 2.2 Spellcasting
 + Level 4.7 Conjurations


You had 6 spell levels left.
You knew the following spells:

 Your Spells              Type           Power        Failure   Level  Hunger
a - Magic Dart            Conj           ###.         2%          1    #......


Dungeon Overview and Level Annotations

Branches:
Dungeon (3/15)

Altars:
Cheibriados

Annotations:
D:3 Loris' ghost, average DECj


Message History

Casting: Magic Dart
Confirm with . or Enter, or press ? or * to list all spells.
Aiming: Magic Dart
Press: ? - help, Shift-Dir - straight line, f/p - Loris' ghost
Aim: Loris' ghost (lightly damaged)
The magic dart hits Loris' ghost.
Loris' ghost is lightly damaged.
Loris' ghost gestures at you while chanting.
The magic dart hits you! Loris' ghost casts a spell at you.
The magic dart hits you!
Loris' ghost gestures at you while chanting.
The magic dart hits you!
Loris' ghost points at you and mumbles some strange words.
The magic dart hits you!
* * * LOW HITPOINT WARNING * * *
Loris' ghost gestures at you while chanting.
The spray of energy hits you!
Ouch! That really hurt!
You die...

.......... ..... #####...
.....>....< .... .........
........... ....# ...#....
..†...... ...# .....#.... .
#......######.# .........
...#.............#######........
.............##.........<........
#.....W....................#.
.............##.@........#.#####.
.........#......................
.##......#...#.......#..........
#........#.#.......#..........
#.............................
#......###.#.#.#...#..........
......# #.#.#.#.........##...
...# #.#.#.#.........##.##
#.#.#.........##.#


You could see Loris' ghost.

Vanquished Creatures
  An adder (D:3)
  A worm (D:2)
  2 giant geckos
  4 bats
  3 giant cockroaches
  4 goblins
  7 hobgoblins
  5 kobolds
  A giant gecko skeleton (D:3)
  3 giant newts
  8 rats
39 creatures vanquished.

Notes
Turn   | Place    | Note
--------------------------------------------------------------
     0 | D:1      | gorblad, the Human Conjurer, began the quest for the Orb.
     0 | D:1      | Reached XP level 1. HP: 13/13 MP: 3/3
   253 | D:1      | Reached XP level 2. HP: 4/19 MP: 1/4
  1357 | D:2      | Reached XP level 3. HP: 21/24 MP: 0/6
  1778 | D:2      | Found a snail-covered altar of Cheibriados.
  1814 | D:2      | Became a worshipper of Cheibriados the Contemplative
  2595 | D:3      | Reached XP level 4. HP: 19/31 MP: 1/7
  2846 | D:3      | Noticed Loris' ghost (average DECj)
  2857 | D:3      | Killed from afar by Loris' ghost

Action                   |  1- 3 |  4- 6 || total
-------------------------+-------+-------++-------
Melee: Unarmed           |    48 |       ||    48
 Cast: Magic Dart        |    88 |    11 ||    99
  Eat: Chunk             |     3 |       ||     3
       Bread ration      |     1 |       ||     1
